AoeStats
← 1Pac

Nomad

509063875Analyzed
2v2 RM · 6d ago on Sep 25, 2026· 36m 25s· 4 players
Game mode
Random Map
Map size
176×176
Population
200
Speed
Normal
Resources
Standard
Victory
Conquest
Starting age
Dark Age
Ending age
Imperial Age
RankedLock teamsTeams togetherTeam positionsShared explorationLock speedFull tech treeHidden civsTurbo modeCheats
Victory
Defeat
🇦🇺 Aztecs · Australia
1167
+17
🇦🇺 Lithuanians · Australia
1118
+19
🇹🇷 Magyars · Türkiye
1291
-23
🇲🇦 Chinese · Morocco
1073
-13
1Pac
7:36 Loom
13:08 Feudal Age
14:45 Fishing Lines
18:41 Castle Age
16:38 Double-Bit Axe
16:38 Horse Collar
19:47 Medium Warships
19:39 Man-at-Arms
21:40 Wheelbarrow
20:51 Town Watch
23:44 Bow Saw
25:07 Hand Cart
26:12 Gambesons
28:05 Long Swordsman
30:51 Forging
30:32 Fletching
31:55 Gillnets
32:41 Gold Mining
32:41 Stone Mining
34:19 Ballistics
34:41 Squires
Moriarty
11:57 Loom
14:16 Feudal Age
14:51 Double-Bit Axe
20:51 Castle Age
19:02 Horse Collar
20:27 Padded Archer Armor
20:54 Crossbowman
23:04 Fishing Lines
23:34 Squires
23:52 Man-at-Arms
24:36 Arson
24:41 Long Swordsman
28:54 Scale Mail Armor
28:46 Pikeman
30:41 Forging
32:14 Chain Mail Armor
32:17 Town Watch
33:26 Fletching
34:59 Iron Casting
35:49 Wheelbarrow
noloomregret
16:56 Feudal Age
15:14 Loom
17:32 Horse Collar
19:11 Wheelbarrow
20:15 Double-Bit Axe
21:07 Gold Mining
28:33 Castle Age
27:51 Stone Mining
31:01 Fletching
33:14 Padded Archer Armor
33:10 Bodkin Arrow
34:34 Leather Archer Armor
36:20 Hand Cart
35:53 Town Watch
Brutalitops
3:07 Loom
12:46 Feudal Age
19:35 Castle Age
19:09 Double-Bit Axe
20:55 Bow Saw
21:46 Demolition Ship
29:14 Fletching
30:25 Town Watch
34:59 Imperial Age
33:29 Bodkin Arrow
34:22 Thumb Ring
36:19 Parthian Tactics
Connection lost

Rejoining the realm…

Still unreachable

The connection could not be restored.

Session expired

The server has moved on; the page needs a fresh start.